 Dungeon Crawl Stone Soup version 0.31.0-32-g396128a36d (webtiles) character file.

Game seed: 13360524624105161904

209 Fractals the Trooper (level 6, -1/39 HPs)
             Began as a Kobold Artificer on Apr 15, 2024.
             Slain by Dowan
             ... wielding a +0 dagger
              (4 damage)
             ... on level 4 of the Dungeon.
             The game lasted 00:09:47 (3443 turns).

Fractals the Trooper (Kobold Artificer)             Turns: 3443, Time: 00:09:47

Health: -1/39      AC:  4    Str: 11    XL:     6   Next: 12%
Magic:  6/6        EV: 14    Int: 13    God:
Gold:   179        SH:  0    Dex: 15    Spells: 5/5 levels left

rFire   . . .        f - +0 dagger
rCold   . . .        (no shield)
rNeg    . . .        b - +0 leather armour
rPois   .            (no helmet)
rElec   .            (no cloak)
rCorr   .            (no gloves)
SInv    .            o - +0 pair of boots
Will    .....        (no amulet)
Stlth   +++          h - ring of wizardry
HPRegen 0.26/turn    (no ring)
MPRegen 0.10/turn

%: wizardry (x1)
@: no status effects
A: small, no large weapons, nightstalker 3
a: no special abilities


You were on level 4 of the Dungeon.
You visited 1 branch of the dungeon, and saw 4 of its levels.

You collected 179 gold pieces.

Inventory:

Hand Weapons
 f - a +0 dagger (weapon)
Armour
 b - a +0 leather armour (worn)
 o - a +0 pair of boots (worn)
Magical Staves
 j - a staff of death
 p - a staff of alchemy
Jewellery
 h - a ring of wizardry (left hand)
Wands
 d - a wand of charming (19)
 e - a wand of iceblast (3)
 n - a wand of polymorph (4)
Scrolls
 a - 2 scrolls of fog
 c - a scroll of fear {unknown}
 i - a scroll of immolation {unknown}
 k - a scroll of teleportation {unknown}
 m - a scroll of identify
Potions
 g - a potion of curing
 l - a potion of invisibility
 q - a potion of cancellation {unknown}


   Skills:
 + Level 4.7 Fighting
 + Level 0.8 Armour
 - Level 2.4 Dodging
 - Level 4.0 Stealth
 - Level 4.5 Evocations


You had 5 spell levels left.
You didn't know any spells.
Your spell library contained the following spells:

 Spells                   Type           Power      Damage    Failure   Level
 Magic Dart               Conj           0%         1d3       16%         1
 Blink                    Tloc           0%         N/A       24%         2
 Call Imp                 Summ           0%         N/A       24%         2
 Lesser Beckoning         Tloc           0%         N/A       24%         2
 Momentum Strike          Conj/Tloc      0%         3d8       24%         2
 Searing Ray              Conj           0%         2d4       24%         2
 Call Canine Familiar     Summ           0%         N/A       43%         3
 Summon Ice Beast         Ice/Summ       0%         N/A       43%         3
 Fulminant Prism          Conj/Alch      0%         3d5       82%         4
 Silence                  Hex/Air        0%         N/A       98%         5
 Dragon's Call            Summ           0%         N/A       100%        9


Dungeon Overview and Level Annotations

Branches:
Dungeon (4/15)
 Temple: D:4-7

Altars:
Ashenzari
Cheibriados
Ru

Shops:
D:1 (

Annotations:
D:4 Dowan, Duvessa, Sigmund


Innate Abilities, Weirdness & Mutations

You are small and have problems with some larger weapons.
You are completely attuned to the shadows.


Message History

You kill the orc!
The helpless hobgoblin fails to defend itself.
You puncture the hobgoblin!
You kill the hobgoblin!
No target in view!
Found a white potion.
Things that are here:
a +0 hand axe; an orc corpse You see here a hobgoblin corpse.
Duvessa, Sister of Dowan comes into view.
She is wielding a +0 short sword.
Dowan shouts!
Duvessa shouts!
You hear an angry hiss.
Duvessa attacks as she pursues you! Duvessa barely misses you.
You hear the quick hiss of an avalanche of sand.
Duvessa hits you with a +0 short sword!
Things that are here:
a +0 hand axe; an orc corpse
There is a stone staircase leading down here.
As you read the scroll of fog, it dissolves into smoke.
Duvessa attacks as she pursues you! Duvessa hits you with a +0 short sword.
Duvessa hits you with a +0 short sword. Duvessa attacks as she pursues you!
Duvessa hits you with a +0 short sword! Duvessa attacks as she pursues you!
Duvessa closely misses you.
Dowan gestures at Duvessa while chanting.
Duvessa seems to speed up.
Duvessa attacks as she pursues you! Duvessa hits you with a +0 short sword.
You see here a white potion.
q - a white potion Duvessa hits you with a +0 short sword!
* * * LOW HITPOINT WARNING * * *
You hit Duvessa.
Duvessa is lightly wounded.
Duvessa closely misses you. Dowan hits you with a +0 dagger.
* * * LOW HITPOINT WARNING * * *
Duvessa hits you with a +0 short sword.
* * * LOW HITPOINT WARNING * * *
Unknown command.
Duvessa hits you with a +0 short sword.
* * * LOW HITPOINT WARNING * * *
Dowan hits you with a +0 dagger.
You die...

.....### ## #####.. .
..............##.##...
.#.... .................
##...####................
#8....§§e................
#....§§@e.........##....
#.†..§§§§..#.......#....
#..§§§#§................
#...§§§§§....##.#.......
##...#§§§§.....#..##...).
###8...#§§§§...............
#..........................
##...................#.....
##...............%.##.(...


You could see Duvessa (fast) and Dowan.

Vanquished Creatures
  A scorpion (D:4)
  An iguana (D:3)
  An orc wizard (D:3)
  An adder (D:2)
  2 ribbon worms
  A dart slug (D:3)
  5 orcs
  6 endoplasms
  A giant cockroach (D:4)
  7 goblins
  8 hobgoblins
  7 jackals
  4 quokkas
  6 ball pythons
  3 bats
  2 frilled lizards
  5 kobolds
  4 rats
65 creatures vanquished.

Vanquished Creatures (collateral kills)
  A ball python (D:4)
  A jackal (D:1)
  A frilled lizard (D:1)
3 creatures vanquished.

Vanquished Creatures (others)
  A goblin (D:1)
1 creature vanquished.

Grand Total: 69 creatures vanquished

Notes
Turn   | Place    | Note
-------+----------+-------------------------------------------
     0 | D:1      | Fractals the Kobold Artificer began the quest for the Orb.
     0 | D:1      | Reached XP level 1. HP: 12/12 MP: 1/1
   248 | D:1      | Reached XP level 2. HP: 7/16 MP: 2/2
   504 | D:1      | Got the Compilation of Accompaniment and Conduction
   561 | D:1      | Reached XP level 3. HP: 13/21 MP: 3/3
   734 | D:1      | Found Sennitz's Antique Weapon Boutique.
  1404 | D:2      | Found a snail-covered altar of Cheibriados.
  1730 | D:2      | Reached XP level 4. HP: 23/27 MP: 4/4
  2562 | D:3      | Reached XP level 5. HP: 29/32 MP: 5/5
  2790 | D:3      | Found a sacrificial altar of Ru.
  2899 | D:4      | Found a broken altar of Ashenzari.
  3148 | D:4      | Reached XP level 6. HP: 15/39 MP: 6/6
  3321 | D:4      | Noticed Sigmund
  3362 | D:4      | Noticed Dowan
  3425 | D:4      | Noticed Duvessa
  3443 | D:4      | Slain by Dowan

Illustrated notes

Levels and vault maps discovered:
D:1:      dpeg_arrival_arbitrary_a, layout_rooms, serial_shops, shop
D:2:      layout_loops_ring, basic_altar, grunt_decor_arrowhead
D:3:      layout_basic, lemuel_coloured_pillars_altar
D:4:      layout_cave_pools, nicolae_ashenzari_panopticon,
          lightli_ossuary_entry_decrepit_ruins, uniq_duvessa, uniq_sigmund

Skill      XL: |  1  2  3  4  5 |
---------------+----------------+-----
Stealth        | 2 3 4 |  4.0
Evocations     | 4 |  4.5
Fighting       | 2 3 4 |  4.7
Armour         | |  0.8
Dodging        | |  2.4

Action                     |  1- 3 |  4- 6 || total
---------------------------+-------+-------++-------
  Melee: Dagger            |   146 |   128 ||   274
         Club              |     7 |       ||     7
         Punch             |     2 |     1 ||     3
  Evoke: Wand              |    13 |    10 ||    23
    Use: Scroll            |       |     4 ||     4
         Potion            |       |     5 ||     5
   Stab: Sleeping          |     7 |    11 ||    18
         Invisible         |       |     1 ||     1
 Armour: Leather armour    |    80 |    78 ||   158
  Dodge: Dodged            |   131 |    92 ||   223
